 Dungeon Crawl Stone Soup version 0.13-b1-4-g58e4d93 (webtiles) character file.

233 Chiseanne the Grave Robber (level 5, 0/38 HPs)
             Began as a Demigod Necromancer on Sept 28, 2013.
             Killed from afar by an orc wizard (7 damage)
             ... with a puff of flame
             ... on Level 4 of the Dungeon.
             The game lasted 00:17:03 (3469 turns).

Chiseanne the Grave Robber (Demigod Necromancer)    Turns: 3469, Time: 00:17:03

HP   0/38        AC  5     Str 10 (12) XL: 5   Next:  4%
MP   8/14        EV 13     Int 21      God:
Gold 63          SH  0     Dex 18      Spells:  3 memorised,  4 levels left

Res.Fire  : . . .   See Invis. : .   a - +2,+1 dagger (venom)
Res.Cold  : . . .   Warding    : .   i - +1 robe
Life Prot.: . . .   Conserve   : .   (no shield)
Res.Poison: .       Res.Corr.  : .   g - +0 visored helmet
Res.Elec. : .       Clarity    : +   (no cloak)
Sust.Abil.: . .     Spirit.Shd : .   n - +0 pair of gauntlets
Res.Mut.  : .       Stasis     : .   (no boots)
Res.Rott. : .       Flight     : .   k - amulet of clarity
Saprovore : . . .                    (no ring)
                                     u - +2 ring of dexterity

@: slightly resistant to hostile enchantments, fairly stealthy
A: no striking features
a: no special abilities


You were on level 4 of the Dungeon.
You were very hungry.

You visited 1 branch of the dungeon, and saw 4 of its levels.

You collected 43 gold pieces.

Inventory:

Hand weapons
 a - a +2,+1 dagger of venom (weapon)
 q - a +0 blowgun
Missiles
 l - 42 poisoned needles
 r - 8 exploding darts (quivered)
Armour
 g - a +0 visored helmet (worn)
 i - a +1 robe (worn)
 n - a +0 pair of gauntlets (worn)
Comestibles
 c - 4 bread rations
 p - 2 pears
Scrolls
 d - 2 scrolls of enchant armour
 e - 4 scrolls of identify
 s - a scroll of amnesia
Jewellery
 k - an amulet of clarity (around neck)
 u - a +2 ring of dexterity (left hand)
Potions
 h - 2 potions of brilliance
Books
 b - a book of Necromancy

   Spells                             Type                      Level
   *Pain                              Necromancy                   1
   *Animate Skeleton                  Necromancy                   1
   Lethal Infusion                    Charms/Necromancy            2
   Vampiric Draining                  Necromancy                   3
   *Regeneration                      Charms/Necromancy            3
   Animate Dead                       Necromancy                   4
   Control Undead                     Necromancy                   4


   Skills:
 * Level 1.0 Fighting
 * Level 2.1 Dodging
 - Level 1.7 Stealth
 * Level 2.6 Spellcasting
 * Level 4.8 Necromancy


You had 4 spell levels left.
You knew the following spells:

 Your Spells              Type           Power        Failure   Level  Hunger
a - Pain                  Necr           ###.         1%          1    None
b - Animate Skeleton      Necr           N/A          1%          1    None
c - Regeneration          Chrm/Necr      ##........   17%         3    ###....


Dungeon Overview and Level Annotations

Branches:
Dungeon (4/27)
 Temple: D:4-7


Message History

The exploding dart explodes!
The explosion of exploding dart fragments engulfs the worm.
The worm is almost dead.
Throwing (i - inventory):
r - 9 exploding darts (quivered)
Press: ? - help, Shift-Dir - straight line, f/p - worm
Aim: a worm (almost dead)
You throw an exploding dart. The exploding dart misses the worm.
The exploding dart hits something.
The exploding dart explodes!
The explosion of exploding dart fragments engulfs something.
The explosion of exploding dart fragments engulfs the worm.
You kill the worm!
You have reached level 5!
It hits you.
* * * LOW HITPOINT WARNING * * *
You miss it. You closely miss it.
An orc wizard appears from thin air!
Reactivating autopickup.
The orc wizard casts a spell at you. The puff of flame hits you!
You die...

#.# #........ #.#
#.......# #.#
##z####. #.# .# #.#
.# #.# . #.#
#####o## #....@.#
#......# #......#
#......# #......#
#####.## ####.###
#......#
#......#############


You could see an orc wizard.

Vanquished Creatures
  An orc priest (D:3)
  4 adders
  A worm (D:4)
  A giant mite (D:3)
  4 orcs
  4 ball pythons
  8 goblins
  5 hobgoblins
  5 jackals (D:1)
  6 kobolds
  A quokka (D:2)
  6 bats
  2 giant cockroaches
  A giant newt (D:2)
  7 rats
56 creatures vanquished.

Vanquished Creatures (collateral kills)
  A worker ant (D:3)
  An adder (D:2)
  A giant gecko (D:1)
  2 giant newts
  A goblin (D:1)
  A kobold (D:1)
  2 rats
9 creatures vanquished.

Vanquished Creatures (others)
  A bat skeleton (D:3)
  A ball python skeleton (D:1)
  2 goblin skeletons
  A hobgoblin skeleton (D:1)
  3 jackal skeletons (D:1)
  A kobold skeleton (D:3)
  An orc skeleton (D:3)
  A rat skeleton (D:1)
11 creatures vanquished.

Grand Total: 76 creatures vanquished

Notes
Turn   | Place    | Note
--------------------------------------------------------------
     0 | D:1      | Chiseanne, the Demigod Necromancer, began the quest for the Orb.
     0 | D:1      | Reached XP level 1. HP: 14/14 MP: 5/5
   370 | D:1      | Reached skill level 4 in Necromancy
   633 | D:1      | Reached XP level 2. HP: 20/20 MP: 4/6
   835 | D:1      | Learned a level 1 spell: Animate Skeleton
  1490 | D:2      | Reached XP level 3. HP: 19/26 MP: 1/9
  1823 | D:2      | Found a blossoming altar of Fedhas.
  2328 | D:3      | Learned a level 3 spell: Regeneration
  2351 | D:3      | Reached XP level 4. HP: 30/33 MP: 12/12
  2509 | D:3      | Found an iron altar of Okawaru.
  2835 | D:3      | Reached skill level 1 in Fighting
  3466 | D:4      | Reached XP level 5. HP: 12/38 MP: 7/14
  3469 | D:4      | Killed from afar by an orc wizard

Action                   |  1- 3 |  4- 6 || total
-------------------------+-------+-------++-------
Melee: Unarmed           |     4 |       ||     4
       Club              |    23 |       ||    23
       Dagger            |     3 |    28 ||    31
Throw: Throwing net      |     1 |     3 ||     4
       Dart              |       |     5 ||     5
 Cast: Pain              |    63 |    22 ||    85
       Animate Skeleton  |    18 |     2 ||    20
       Regeneration      |       |     5 ||     5
  Use: Potion            |     5 |     4 ||     9
       Scroll            |     6 |     4 ||    10
 Stab: Sleeping          |     3 |     1 ||     4
